SA
SYRACUSE STORM @ PHOENIX HOTSPUR U-21
08/30/2037
 
TOP OF THE 1ST
Syracuse Storm batting - Pitching for Phoenix Hotspur U-21 : RHP Matt Dunn
Pitching: RHP Matt Dunn
Batting: RHB Pat Kramer 0-0: Ball
1-0: Foul Ball, location: 2F
1-1: Ball
2-1: Foul Ball, location: 2F
2-2: Foul Ball, location: 2F
2-2: Fly out, F8 (Flyball, 8RD, EV 105.6 MPH)
Batting: RHB Egbert Mijnheer 0-0: Swinging Strike
0-1: Ball
1-1: Foul Ball, location: 2F
1-2: Fly out, F7 (Flyball, 78D, EV 96.9 MPH)
Batting: LHB Rick Newell 0-0: Ball
1-0: Ball
2-0: Called Strike
2-1: Ball
3-1: Foul Ball, location: 2F
3-2: Fly out, F7 (Flyball, 78M, EV 86.9 MPH)
Top of the 1st over - 0 runs, 0 hits, 0 errors, 0 left on base; Syracuse 0 - Phoenix 0
BOTTOM OF THE 1ST
Phoenix Hotspur U-21 batting - Pitching for Syracuse Storm : RHP Ralph Minor
Pitching: RHP Ralph Minor
Batting: RHB Frank Ray 0-0: Called Strike
0-1: Swinging Strike
0-2: Foul Ball, location: 2F
0-2: Ball
1-2: Ball
2-2: SINGLE (Groundball, 4MD, EV 108.8 MPH)
Batting: RHB Sotatsu Kokawa 0-0: Hit by Pitch
Frank Ray to second
Batting: LHB Alfonso Ramírez 0-0: Ball
1-0: Ball
2-0: Called Strike
2-1: Foul Ball, location: 2F
2-2: Grounds into double play, 3-6-3 (Groundball, 34, EV 100.0 MPH)
Frank Ray to third
Batting: RHB Nate Edwards 0-0: Ball
1-0: Foul Ball, location: 2F
1-1: Ball
2-1: Ball
3-1: Ground out 1-3 (Groundball, 25, EV 63.1 MPH)
Bottom of the 1st over - 0 runs, 1 hit, 0 errors, 1 left on base; Syracuse 0 - Phoenix 0
TOP OF THE 2ND
Syracuse Storm batting - Pitching for Phoenix Hotspur U-21 : RHP Matt Dunn
Batting: LHB Kent Maxwell 0-0: Called Strike
0-1: Fly out, F8 (Flyball, 8RM, EV 86.9 MPH)
Batting: RHB John Billings 0-0: Foul Ball, location: 2F
0-1: Foul Ball, location: 2F
0-2: Ball
1-2: Foul Ball, location: 2F
1-2: Ground out 6-3 (Groundball, 6, EV 81.2 MPH)
Batting: RHB Rubén Plumey 0-0: Fly out, F3 (Popup, 3, EV 73.8 MPH)
Top of the 2nd over - 0 runs, 0 hits, 0 errors, 0 left on base; Syracuse 0 - Phoenix 0
BOTTOM OF THE 2ND
Phoenix Hotspur U-21 batting - Pitching for Syracuse Storm : RHP Ralph Minor
Batting: LHB Daniel Joseph 0-0: SINGLE (Line Drive, 89S, EV 98.1 MPH)
Batting: RHB Ronnie Wise 0-0: Fly out, F7 (Flyball, 7D, EV 102.5 MPH)
Batting: RHB Gabriel Méndez 0-0: Called Strike
0-1: SINGLE (Groundball, 3D, EV 100.6 MPH)
Daniel Joseph to second
Runner from 2nd tries for 3rd, SAFE, throw by RF made to third
Batting: RHB Jesse McCoy 0-0: Called Strike
0-1: Called Strike
0-2: Ball
Gabriel Méndez steals 2nd base
1-2: Foul Ball, location: 2F
1-2: Foul Ball, location: 2F
1-2: Strikes out looking
Batting: RHB Tim Gray 0-0: Ball
1-0: Called Strike
1-1: Ball
2-1: Swinging Strike
2-2: Ball
3-2: Ground out 6-3 (Groundball, 6, EV 87.5 MPH)
Bottom of the 2nd over - 0 runs, 2 hits, 0 errors, 2 left on base; Syracuse 0 - Phoenix 0
TOP OF THE 3RD
Syracuse Storm batting - Pitching for Phoenix Hotspur U-21 : RHP Matt Dunn
Batting: LHB Ling-lai Ding 0-0: Ball
1-0: Called Strike
1-1: Ball
2-1: Called Strike
2-2: Strikes out swinging
Batting: RHB Bob Hill 0-0: Ball
1-0: Ball
2-0: Swinging Strike
2-1: SINGLE (Groundball, 6MD, EV 103.8 MPH)
Batting: RHB Martín Muńóz 0-0: Swinging Strike
0-1: Swinging Strike
0-2: Ball
1-2: Foul Ball, location: 2F
1-2: Ball
2-2: Strikes out looking
Batting: RHB Pat Kramer 0-0: Foul Ball, location: 7LSF, Error on foul ball, E7
0-1: Ball
1-1: SINGLE (Groundball, 6D, EV 96.2 MPH)
Bob Hill to second
Batting: RHB Egbert Mijnheer 0-0: Called Strike
0-1: Ball
1-1: Swinging Strike
1-2: Strikes out swinging
Top of the 3rd over - 0 runs, 2 hits, 1 error, 2 left on base; Syracuse 0 - Phoenix 0
BOTTOM OF THE 3RD
Phoenix Hotspur U-21 batting - Pitching for Syracuse Storm : RHP Ralph Minor
Batting: RHB Frank Ray 0-0: Foul Ball, location: 2F
0-1: Ball
1-1: Called Strike
1-2: Ball
2-2: Strikes out looking
Batting: RHB Sotatsu Kokawa 0-0: Ball
1-0: Ground out 6-3 (Groundball, 6, EV 84.4 MPH)
Batting: LHB Alfonso Ramírez 0-0: Ball
1-0: SINGLE (Groundball, 34D, EV 104.4 MPH)
Batting: RHB Nate Edwards 0-0: DOUBLE (Line Drive, 89XD, EV 110.6 MPH)
Alfonso Ramírez to third
Batting: LHB Daniel Joseph 0-0: Called Strike
0-1: Ball
1-1: Called Strike
1-2: Ball
2-2: Strikes out looking
Bottom of the 3rd over - 0 runs, 2 hits, 0 errors, 2 left on base; Syracuse 0 - Phoenix 0
TOP OF THE 4TH
Syracuse Storm batting - Pitching for Phoenix Hotspur U-21 : RHP Matt Dunn
Batting: LHB Rick Newell 0-0: Ball
1-0: Swinging Strike
1-1: Ball
2-1: SINGLE (Groundball, 3, EV 94.4 MPH) (infield hit)
Batting: LHB Kent Maxwell 0-0: Foul Ball, location: 2F
0-1: Fielders Choice at 2nd, 4-6 (Groundball, 4, EV 100.6 MPH)
Batting: RHB John Billings 0-0: Called Strike
0-1: Ball
1-1: Called Strike
1-2: Strikes out swinging
Batting: RHB Rubén Plumey 0-0: Called Strike
0-1: Ball
1-1: Ball
2-1: Called Strike
2-2: Strikes out swinging
Top of the 4th over - 0 runs, 1 hit, 0 errors, 1 left on base; Syracuse 0 - Phoenix 0
BOTTOM OF THE 4TH
Phoenix Hotspur U-21 batting - Pitching for Syracuse Storm : RHP Ralph Minor
Batting: RHB Ronnie Wise 0-0: Ball
1-0: Ball
2-0: Ball
3-0: Called Strike
3-1: Base on Balls
Batting: RHB Gabriel Méndez 0-0: Ball
Ronnie Wise steals 2nd base
1-0: Swinging Strike
1-1: Called Strike
1-2: Ball
2-2: Foul Ball, location: 2F
2-2: Ball
3-2: Strikes out swinging
Batting: RHB Jesse McCoy 0-0: Called Strike
0-1: Ball
1-1: Swinging Strike
1-2: Strikes out swinging
Batting: RHB Tim Gray 0-0: Ball
1-0: Ball
2-0: Ground out U3 (Groundball, 34, EV 103.1 MPH)
Bottom of the 4th over - 0 runs, 0 hits, 0 errors, 1 left on base; Syracuse 0 - Phoenix 0
TOP OF THE 5TH
Syracuse Storm batting - Pitching for Phoenix Hotspur U-21 : RHP Matt Dunn
Batting: LHB Ling-lai Ding 0-0: Called Strike
0-1: Ball
1-1: Ball
2-1: Ball
3-1: Base on Balls
Batting: RHB Bob Hill 0-0: Ball
1-0: Fly out, F7 (Flyball, 7S, EV 94.4 MPH)
Batting: RHB Martín Muńóz 0-0: DOUBLE (Line Drive, 9LS, EV 96.9 MPH)
Ling-lai Ding to third
Runner from 3rd tries for Home, SAFE, throw by RF to home
Batting: RHB Pat Kramer 0-0: Called Strike
0-1: Foul Ball, location: 2F
0-2: Strikes out swinging
Batting: RHB Egbert Mijnheer 0-0: Called Strike
0-1: Ball
1-1: Called Strike
1-2: Ball
2-2: Strikes out swinging
Top of the 5th over - 1 run, 1 hit, 0 errors, 1 left on base; Syracuse 1 - Phoenix 0
BOTTOM OF THE 5TH
Phoenix Hotspur U-21 batting - Pitching for Syracuse Storm : RHP Ralph Minor
Batting: RHB Frank Ray 0-0: Ground out 1-3 (Groundball, 13, EV 85.6 MPH)
Batting: RHB Sotatsu Kokawa 0-0: Ball
1-0: Ball
2-0: Reached on error, E5 (Groundball, 56, EV 78.1 MPH)
Batting: LHB Alfonso Ramírez 0-0: Called Strike
Sotatsu Kokawa steals 2nd base
0-1: Foul Ball, location: 2F
0-2: Ball
1-2: Strikes out swinging
Batting: RHB Nate Edwards 0-0: Ground out 6-3 (Groundball, 6, EV 87.5 MPH)
Bottom of the 5th over - 0 runs, 0 hits, 1 error, 1 left on base; Syracuse 1 - Phoenix 0
TOP OF THE 6TH
Syracuse Storm batting - Pitching for Phoenix Hotspur U-21 : RHP Matt Dunn
Batting: LHB Rick Newell 0-0: Ball
1-0: SINGLE (Groundball, 34D, EV 106.2 MPH)
Batting: LHB Kent Maxwell 0-0: Fielders Choice at 2nd, 1-6 (Groundball, 13S, EV 74.4 MPH)
Batting: RHB John Billings 0-0: Ball
Kent Maxwell steals 2nd base
1-0: Called Strike
1-1: Ball
2-1: Called Strike
2-2: Strikes out swinging
Batting: RHB Rubén Plumey 0-0: Foul Ball, location: 2F
0-1: Fly out, F8 (Flyball, 8RS, EV 76.2 MPH)
Top of the 6th over - 0 runs, 1 hit, 0 errors, 1 left on base; Syracuse 1 - Phoenix 0
BOTTOM OF THE 6TH
Phoenix Hotspur U-21 batting - Pitching for Syracuse Storm : RHP Ralph Minor
Batting: LHB Daniel Joseph 0-0: Ball
1-0: Foul Ball, location: 2F
1-1: Called Strike
1-2: Foul Ball, location: 2F
1-2: Ball
2-2: Ball
3-2: Base on Balls
Batting: RHB Ronnie Wise 0-0: Ball
1-0: Ball
2-0: SINGLE (Line Drive, 78S, EV 111.2 MPH)
Daniel Joseph to second
Batting: RHB Gabriel Méndez 0-0: Called Strike
0-1: Fly out, F7 (Flyball, 78D, EV 107.5 MPH)
Batting: RHB Jesse McCoy 0-0: Ball
1-0: Foul Ball, location: 2F
1-1: Called Strike
1-2: Grounds into double play, 6-4-3 (Groundball, 6M, EV 104.4 MPH)
Bottom of the 6th over - 0 runs, 1 hit, 0 errors, 1 left on base; Syracuse 1 - Phoenix 0
TOP OF THE 7TH
Syracuse Storm batting - Pitching for Phoenix Hotspur U-21 : RHP Matt Dunn
Batting: LHB Ling-lai Ding 0-0: Called Strike
0-1: Called Strike
0-2: Ball
1-2: Strikes out swinging
Batting: RHB Bob Hill 0-0: Called Strike
0-1: Ball
1-1: Ball
2-1: Ground out 6-3 (Groundball, 6, EV 83.8 MPH)
Batting: RHB Martín Muńóz 0-0: Ball
1-0: Swinging Strike
1-1: Ball
2-1: Swinging Strike
2-2: Strikes out swinging
Top of the 7th over - 0 runs, 0 hits, 0 errors, 0 left on base; Syracuse 1 - Phoenix 0
BOTTOM OF THE 7TH
Phoenix Hotspur U-21 batting - Pitching for Syracuse Storm : RHP Ralph Minor
Batting: RHB Tim Gray 0-0: Swinging Strike
0-1: Foul Ball, location: 2F
0-2: Foul Ball, location: 2F
0-2: Foul Ball, location: 2F
0-2: Ball
1-2: Strikes out swinging
Batting: RHB Frank Ray 0-0: Ball
1-0: Ball
2-0: Called Strike
2-1: Ball
3-1: Base on Balls
Pitching: LHP Alex Calhoun
Pinch Hitting: RHB Javier Flores 0-0: Foul Ball, location: 2F
0-1: Fly out, F7 (Flyball, 7, EV 79.4 MPH)
Batting: LHB Alfonso Ramírez 0-0: Called Strike
0-1: Ball
1-1: Ball
2-1: Foul Ball, location: 2F
2-2: Fielders Choice at 2nd, U6 (Groundball, 6M, EV 103.1 MPH)
Bottom of the 7th over - 0 runs, 0 hits, 0 errors, 1 left on base; Syracuse 1 - Phoenix 0
TOP OF THE 8TH
Syracuse Storm batting - Pitching for Phoenix Hotspur U-21 : RHP Matt Dunn
Now at SS: Javier Flores
Batting: RHB Pat Kramer 0-0: Ball
1-0: Swinging Strike
1-1: Bunted foul
1-2: Foul Ball, location: 2F
1-2: Foul Ball, location: 2F
1-2: Foul Ball, location: 2F
1-2: Ball
2-2: SINGLE (Groundball, 34S, EV 70.6 MPH) (infield hit)
Pitching: RHP Luis Bruno
Batting: RHB Egbert Mijnheer 0-0: Sac Bunt to 25 - play at first, batter OUT! 5-4
Pat Kramer to second
Batting: LHB Rick Newell 0-0: Intentional Walk
Batting: LHB Kent Maxwell 0-0: Called Strike
0-1: Foul Ball, location: 2F
0-2: Fly out, F8 (Line Drive, 8RM, EV 94.4 MPH)
Batting: RHB John Billings 0-0: Fly out, F3 (Line Drive, 3, EV 70.6 MPH)
Top of the 8th over - 0 runs, 1 hit, 0 errors, 2 left on base; Syracuse 1 - Phoenix 0
BOTTOM OF THE 8TH
Phoenix Hotspur U-21 batting - Pitching for Syracuse Storm : LHP Alex Calhoun
Pitching: LHP Chun-yeong Byung-Ho
Now in RF: Dan Lewis
Batting: RHB Nate Edwards 0-0: Ball
1-0: Called Strike
1-1: Called Strike
1-2: Strikes out looking
Batting: LHB Daniel Joseph 0-0: Fly out, F7 (Flyball, 78D, EV 95.0 MPH)
Batting: RHB Ronnie Wise 0-0: Foul Ball, location: 2F
0-1: Foul Ball, location: 2F
0-2: Ball
1-2: Ball
2-2: Foul Ball, location: 2F
2-2: SINGLE (Groundball, 15S, EV 68.8 MPH) (infield hit)
Batting: RHB Gabriel Méndez 0-0: Ball
1-0: Swinging Strike
1-1: Called Strike
1-2: Foul Ball, location: 2F
1-2: Strikes out looking
Bottom of the 8th over - 0 runs, 1 hit, 0 errors, 1 left on base; Syracuse 1 - Phoenix 0
TOP OF THE 9TH
Syracuse Storm batting - Pitching for Phoenix Hotspur U-21 : RHP Luis Bruno
Batting: RHB Rubén Plumey 0-0: Called Strike
0-1: Foul Ball, location: 2F
0-2: Fly out, F3 (Popup, 34, EV 65.6 MPH)
Batting: LHB Ling-lai Ding 0-0: SINGLE (Flyball, 78S, EV 91.9 MPH)
Batting: RHB Dan Lewis 0-0: Called Strike
Ling-lai Ding is caught stealing 2nd base 2-4
0-1: Ball
1-1: SINGLE (Groundball, 4MD, EV 98.1 MPH)
Batting: RHB Martín Muńóz 0-0: Called Strike
0-1: Swinging Strike
0-2: Ball
1-2: Ball
2-2: Fielders Choice at 2nd, 6-4 (Groundball, 6, EV 88.8 MPH)
Top of the 9th over - 0 runs, 2 hits, 0 errors, 1 left on base; Syracuse 1 - Phoenix 0
BOTTOM OF THE 9TH
Phoenix Hotspur U-21 batting - Pitching for Syracuse Storm : LHP Chun-yeong Byung-Ho
Batting: RHB Jesse McCoy 0-0: Called Strike
0-1: Ball
1-1: Swinging Strike
1-2: Strikes out looking
Batting: RHB Tim Gray 0-0: Ball
1-0: Ball
2-0: Ball
3-0: Called Strike
3-1: Fly out, F8 (Flyball, 8RD, EV 101.2 MPH)
Batting: RHB Frank Ray 0-0: Ground out 4-3 (Groundball, 4, EV 81.2 MPH)
Bottom of the 9th over - 0 runs, 0 hits, 0 errors, 0 left on base; Syracuse 1 - Phoenix 0
Thursday, January 23rd, 2020 - OOTP Baseball 20.8 Build 74